 Dungeon Crawl Stone Soup version 0.28.0-53-g5a82cb258f (webtiles) character file.

Game seed: 3940308199913451619

67 Ashen the Chiller (level 4, -4/32 HPs)
             Began as a Demonspawn Ice Elementalist on July 9, 2022.
             Slain by an orc priest
             ... wielding a +0 mace
              (8 damage)
             ... on level 2 of the Dungeon.
             The game lasted 00:03:23 (2325 turns).

Ashen the Chiller (Demonspawn Ice Elementalist)     Turns: 2325, Time: 00:03:24

Health: -4/32      AC:  2    Str:  9    XL:     4   Next: 0%
Magic:  0/7        EV: 14    Int: 18    God:
Gold:   55         SH:  4    Dex: 13    Spells: 3/7 levels left

rFire   . . .      SeeInvis .   d - +0 long sword
rCold   . . .      Faith    .   b - +0 buckler
rNeg    . . .      Spirit   .   a - +0 robe
rPois   .          Reflect  .   (no helmet)
rElec   .          Harm     .   (no cloak)
rCorr   .          Rampage  .   (no gloves)
Will    .....                   (no boots)
Stlth   ++........              (no amulet)
HPRegen 0.10/turn               (no ring)
MPRegen 0.10/turn               (no ring)

@: attractive
A: repulsion field 1, powered by pain 1
a: no special abilities


You were on level 2 of the Dungeon.
You visited 1 branch of the dungeon, and saw 3 of its levels.

You collected 55 gold pieces.

Inventory:

Hand Weapons
 d - a +0 long sword (weapon)
Armour
 a - a +0 robe (worn)
 b - a +0 buckler (worn)
Scrolls
 f - a scroll of noise {unknown}
 h - a scroll of fog {unknown}
 i - a scroll of enchant armour {unknown}
 j - a scroll of identify {unknown}
Potions
 e - a potion of heal wounds {unknown}
 g - a potion of mutation {unknown}


   Skills:
 + Level 1.2 Fighting
 + Level 2.2 Dodging
 + Level 2.3 Stealth
 + Level 1.0 Shields
 + Level 2.4 Spellcasting
 + Level 3.8 Ice Magic


You had 3 spell levels left.
You knew the following spells:

 Your Spells              Type           Power      Damage    Failure   Level
a - Freeze                Ice            64%        1d8       4%          1
b - Frozen Ramparts       Ice            32%        1d5       14%         3

Your spell library contained the following spells:

 Spells                   Type           Power      Damage    Failure   Level
 Ozocubu's Armour         Ice            16%        N/A       14%         3
 Sandblast                Erth           4%         2d4       24%         1
 Passwall                 Tmut/Erth      1%         N/A       34%         2
 Stone Arrow              Conj/Erth      4%         3d7       56%         3
 Hailstorm                Conj/Ice       9%         3d4       71%         4


Dungeon Overview and Level Annotations

Branches:
Dungeon (3/15)

Altars:


Innate Abilities, Weirdness & Mutations

You are surrounded by a mild repulsion field. (EV +2)
You sometimes gain a little power by taking damage.


Message History

You freeze the endoplasm!
You kill the endoplasm!
The orc priest hits you with a +0 mace. The orc closely misses you.
The orc priest mumbles some strange prayers to Beogh against you.
Pain shoots through your body!
* * * LOW HITPOINT WARNING * * *
Casting: Freeze (safe; 4% risk of failure)
Confirm with . or Enter, or press ? or * to list all spells.
Aiming: Freeze (safe; 4% risk of failure)
Press: ? - help, Shift-Dir - straight line, f - orc
Aim: an orc, wielding a +0 hand axe and wearing a +0 ring mail (severely wounded)
You freeze the orc.
The orc is almost dead.
The orc misses you.
Unknown command.
Casting: Freeze (safe; 4% risk of failure)
Confirm with . or Enter, or press ? or * to list all spells.
Aiming: Freeze (safe; 4% risk of failure)
Press: ? - help, Shift-Dir - straight line, f/p - orc
Aim: an orc, wielding a +0 hand axe and wearing a +0 ring mail (almost dead)
You freeze the orc!
You kill the orc!
You have reached level 4!
You feel stronger.
Your demonic ancestry asserts itself...
You begin to radiate repulsive energy.
Unknown command.
Casting: Freeze (safe; 4% risk of failure)
Confirm with . or Enter, or press ? or * to list all spells.
Okay, then.
Casting: Freeze (safe; 4% risk of failure)
Confirm with . or Enter, or press ? or * to list all spells.
Aiming: Freeze (safe; 4% risk of failure)
Press: ? - help, Shift-Dir - straight line, f - orc priest
Aim: an orc priest, wielding a +0 mace You freeze the orc priest.
The orc priest is lightly wounded.
It was a potion of attraction.
You feel attractive to monsters. The orc priest hits you with a +0 mace!
You die...

#.# #.##.##.#
#####.#####.......#
#......[.###.....##
#..##.#.†# #.....#
##### #..##.#..#
#...†(# #....
#..#..#..# #.....#
#.### #..#.##..#
####### #.###
#..#.##..# #.##.
#......@.# #[##<
##.###o### #.##.
#.## ##>#########
#.... #.#
#.o†......# ####.
#.##
##.#######.#######.
##.###.##
#......... ##...##
########## #####


You could see an orc priest.

Vanquished Creatures
  An adder (D:2)
  2 dart slugs (D:1)
  An orc (D:2)
  2 bats (D:1)
  5 endoplasms
  2 giant cockroaches
  5 goblins
  9 hobgoblins
  2 jackals (D:1)
  2 quokkas
  3 ball pythons (D:1)
  A frilled lizard (D:2)
  7 kobolds
  5 rats
47 creatures vanquished.

Notes
Turn   | Place    | Note
-------+----------+-------------------------------------------
     0 | D:1      | Ashen the Demonspawn Ice Elementalist began the quest for
                  | the Orb.
     0 | D:1      | Reached XP level 1. HP: 13/13 MP: 3/3
   468 | D:1      | Gained mutation: You sometimes gain a little power by
                  | taking damage. [demonic ancestry]
   468 | D:1      | Reached XP level 2. HP: 20/20 MP: 3/5
   802 | D:1      | Reached XP level 3. HP: 25/25 MP: 6/6
  1077 | D:1      | Reached skill level 1 in Fighting
  1785 | D:2      | Found a faded altar of an unknown god.
  1915 | D:2      | Learned a level 3 spell: Frozen Ramparts
  2015 | D:2      | Reached skill level 1 in Shields
  2324 | D:2      | Gained mutation: You are surrounded by a mild repulsion
                  | field. (EV +2) [demonic ancestry]
  2324 | D:2      | Reached XP level 4. HP: 3/32 MP: 1/7
  2325 | D:2      | Slain by an orc priest

Illustrated notes

Levels and vault maps discovered:
D:1:      grunt_arrival_lava_bath, layout_basic
D:2:      layout_loops_cross, shapermc_ecumenical_altar_ellora,
          mrwooster_statue_mirror
D:3:      layout_rooms, serial_curves, eino_curves_03, eino_curves_03,
          eino_curves_02, eino_curves_04, pf_guarded_unrand_meek

Skill      XL: |  1  2  3 |
---------------+----------+-----
Stealth        | 2 |  2.3
Dodging        | 2 |  2.2
Fighting       | 1 |  1.2
Shields        | 1 |  1.0
Spellcasting   | |  2.4
Ice Magic      | |  3.8

Action                   |  1- 3 |  4- 6 || total
-------------------------+-------+-------++-------
Melee: Unarmed           |    19 |       ||    19
       Long sword        |    35 |       ||    35
 Cast: Freeze            |    51 |     1 ||    52
  Use: Potion            |       |     1 ||     1
 Stab: Sleeping          |     9 |       ||     9
Armor: Robe              |    15 |       ||    15
Dodge: Dodged            |    50 |       ||    50
Block: Buckler           |     8 |       ||     8
